AoeStats
← ProduktGelenk48

Arena

508936366Analyzed
2v2 RM · 9d ago on Sep 24, 2026· 46m 13s· 4 players
Game mode
Random Map
Map size
Medium (4 player)
Population
200
Speed
Normal
Resources
Standard
Victory
Conquest
Starting age
Dark Age
Ending age
Imperial Age
RankedLock teamsTeams togetherTeam positionsShared explorationLock speedFull tech treeHidden civsTurbo modeCheats
Victory
Defeat
🇨🇦 Cumans · Canada
641
+18
🇦🇷 Franks · Argentina
614
+19
🇩🇪 Cumans · Germany
714
-19
🇩🇪 Teutons · Germany
668
-18
bikerbouv
2:27 Loom
10:49 Feudal Age
12:46 Wheelbarrow
12:02 Double-Bit Axe
12:59 Horse Collar
22:26 Castle Age
22:23 Forging
22:10 Fletching
22:29 Scale Barding Armor
23:03 Stone Mining
23:10 Gold Mining
23:56 Bow Saw
24:05 Heavy Plow
24:32 Bloodlines
25:49 Hand Cart
26:12 Gold Shaft Mining
25:59 Forging
27:51 Ballistics
27:27 Murder Holes
27:30 Bodkin Arrow
28:11 Iron Casting
33:22 Imperial Age
31:15 Capped Ram
34:06 Chain Barding Armor
34:02 Steppe Husbandry
33:42 Cavalier
33:47 Light Cavalry
37:20 Chemistry
36:56 Paladin
GZicchi
0:49 Loom
11:04 Feudal Age
16:32 Wheelbarrow
15:50 Double-Bit Axe
16:30 Town Watch
ProduktGelenk48
3:59 Loom
9:58 Loom
12:28 Feudal Age
13:59 Double-Bit Axe
14:48 Horse Collar
25:17 Castle Age
26:36 Capped Ram
31:29 Heavy Plow
31:42 Bow Saw
31:58 Pikeman
32:39 Squires
34:43 Gold Mining
34:43 Stone Mining
35:51 Scale Mail Armor
37:59 Chain Mail Armor
42:35 Imperial Age
42:40 Halberdier
PuppeColt809383
0:31 Loom
12:24 Feudal Age
13:44 Wheelbarrow
12:38 Man-at-Arms
13:14 Arson
14:45 Scale Mail Armor
23:20 Forging
30:07 Castle Age
28:05 Gold Mining
28:10 Stone Mining
31:55 Chain Mail Armor
32:16 Iron Casting
31:57 Pikeman
32:37 Squires
Connection lost

Rejoining the realm…

Still unreachable

The connection could not be restored.

Session expired

The server has moved on; the page needs a fresh start.